[Event "SWE-ch Masters 2019"]
[Site "Eskilstuna"]
[Date "2019.07.08"]
[Round "3.4"]
[White "Wahlund, Max"]
[Black "Lind, Jan-Olov"]
[Result "1-0"]
[ECO "A65"]
[WhiteElo "2100"]
[BlackElo "2155"]
[Annotator "NA"]
[PlyCount "123"]
[EventDate "2019.07.06"]
[EventType "swiss"]
[EventCountry "SWE"]
[SourceTitle "playchess.com"]
[Source "ChessBase"]
[SourceQuality "1"]
[TimeControl "40/5400+30:1800+30"]

1. d4 g6 2. c4 Bg7 3. Nc3 Nf6 4. e4 d6 5. f3 O-O 6. Be3 c5 7. Nge2 Nc6 8. d5 Ne5 9. Ng3 e6 10. Be2 exd5 11. cxd5 a6 12. a4 Bd7 13. O-O b5 14. h3 Rb8 15. f4 Nc4 16. Bxc4 bxc4 17. e5 Qe7 18. Qd2 dxe5 19. fxe5 Qxe5 20. Rf3 Rfc8 21. Re1 Re8 22. Re2 Rb3 23. Bxc5 Qb8 24. Bd4 Rxe2 25. Qxe2 Ne8 26. Bxg7 Nxg7 27. Qxc4 Qb6+ 28. Kh2 Rxb2 29. Nce4 Rb1 30. Nf6+ Kh8 31. Ne2 Qd6+ 32. Qf4 Qxf4+ 33. Rxf4 Rb7 34. Rc4 Nf5 35. Nc3 Nd6 36. Rc5 Kg7 37. Nxd7 Rxd7 38. Rc6 a5 39. Kg3 Kf8 40. Kf4 h6 41. Ke5 Ke7 42. Kd4 Rb7 43. Kc5 Ne8 44. Nb5 Rd7 45. Ra6 Nf6 46. d6+ Ke6 47. Rxa5 Ne4+ 48. Kd4 f5 49. Ra6 g5 50. Nc7+ Kf6 51. Kd5 h5 52. Rc6 Kf7 53. Nb5 h4 54. a5 g4 55. a6 gxh3 56. gxh3 Rd8 57. a7 Nf6+ 58. Ke5 Nd7+ 59. Kxf5 Ra8 60. Rc7 Ke8 61. Nc3 Kd8 62. Nd5 1-0

[Event "SWE-ch Masters 2019"]
[Site "Eskilstuna"]
[Date "2019.07.08"]
[Round "3.5"]
[White "Sivhed, Johan"]
[Black "Engstrom, Kaj"]
[Result "0-1"]
[ECO "B43"]
[WhiteElo "2023"]
[BlackElo "2234"]
[Annotator "NA"]
[PlyCount "74"]
[EventDate "2019.07.06"]
[EventType "swiss"]
[EventCountry "SWE"]
[SourceTitle "playchess.com"]
[Source "ChessBase"]
[SourceQuality "1"]
[TimeControl "40/5400+30:1800+30"]

1. e4 c5 2. Nf3 e6 3. d4 cxd4 4. Nxd4 a6 5. Nc3 Qc7 6. Bd3 Nf6 7. O-O b5 8. Re1 Bb7 9. e5 b4 10. Na4 Nd5 11. Qg4 g6 12. b3 Bg7 13. Qg3 O-O 14. Bd2 f6 15. f4 fxe5 16. fxe5 Bc6 17. Kh1 Qa7 18. Nf3 Bxa4 19. bxa4 Nc6 20. Rab1 a5 21. h4 Nd4 22. Be4 Nf5 23. Qh2 Qf2 24. Bxf5 Rxf5 25. Rf1 Qc5 26. Rbe1 Qxc2 27. Rc1 Qxa2 28. Rfd1 Raf8 29. Qg3 Qb2 30. Bg5 Bxe5 31. Nxe5 Qxe5 32. Qg4 h5 33. Qc4 Rf2 34. Qd3 Qf5 35. Qd4 Qg4 36. Qxg4 hxg4 37. Kh2 Ra2 0-1

[Event "SWE-ch Masters 2019"]
[Site "Eskilstuna"]
[Date "2019.07.08"]
[Round "3.6"]
[White "Bannoura, Jeries"]
[Black "Eriksson, Jorgen"]
[Result "0-1"]
[ECO "A08"]
[WhiteElo "1976"]
[BlackElo "2211"]
[Annotator "NA"]
[PlyCount "84"]
[EventDate "2019.07.06"]
[EventType "swiss"]
[EventCountry "SWE"]
[SourceTitle "playchess.com"]
[Source "ChessBase"]
[SourceQuality "1"]
[TimeControl "40/5400+30:1800+30"]

1. d3 d5 2. g3 Nf6 3. Bg2 e6 4. Nf3 Be7 5. O-O c5 6. b3 Nc6 7. Bb2 b6 8. c4 Bb7 9. Nbd2 d4 10. a3 O-O 11. Ne5 Qc7 12. Nxc6 Bxc6 13. Nf3 e5 14. e4 Ne8 15. Re1 Bd7 16. Bc1 a6 17. Ra2 b5 18. Bg5 Bxg5 19. Nxg5 f6 20. Nf3 bxc4 21. bxc4 Rb8 22. Nh4 Nd6 23. f4 Nf7 24. f5 Rb6 25. g4 Rfb8 26. Nf3 Rb2 27. Ra1 Qa5 28. Re2 Ba4 29. Rxb2 Rxb2 30. Qf1 Qc3 31. Rb1 Qxa3 32. h4 Rxb1 33. Qxb1 Qb4 34. Qa2 a5 35. g5 Qb3 36. Qe2 Qd1+ 37. Bf1 Qxe2 38. Bxe2 Bc2 39. Ne1 Bb3 40. g6 Nd6 41. gxh7+ Kxh7 42. Nf3 a4 0-1

[Event "SWE-ch Masters 2019"]
[Site "Eskilstuna"]
[Date "2019.07.08"]
[Round "3.7"]
[White "Crevatin, Leo"]
[Black "Gromark, Per-Olof"]
[Result "1-0"]
[ECO "A13"]
[WhiteElo "2146"]
[BlackElo "1909"]
[Annotator "NA"]
[PlyCount "79"]
[EventDate "2019.07.06"]
[EventType "swiss"]
[EventCountry "SWE"]
[SourceTitle "playchess.com"]
[Source "ChessBase"]
[SourceQuality "1"]
[TimeControl "40/5400+30:1800+30"]

1. Nf3 d5 2. c4 e6 3. b3 c5 4. Bb2 Nc6 5. e3 d4 6. exd4 cxd4 7. d3 Nf6 8. g3 e5 9. Bg2 Bd6 10. O-O O-O 11. a3 a5 12. Re1 Re8 13. Nbd2 Bf5 14. Qc2 Nd7 15. Ne4 Bxe4 16. Rxe4 Nc5 17. Ree1 f5 18. Nd2 Qf6 19. Rab1 Qg6 20. Bc1 Nd7 21. Nf3 f4 22. Nh4 Qf6 23. Nf3 g5 24. Nd2 g4 25. Ne4 Qg6 26. Nxd6 Qxd6 27. Be4 Kh8 28. Qe2 Nf6 29. Qd2 Nxe4 30. Rxe4 fxg3 31. hxg3 Rg8 32. Qe2 h5 33. b4 axb4 34. axb4 Rae8 35. b5 Na5 36. Bf4 exf4 37. Rxe8 fxg3 38. Qe5+ Qxe5 39. Rxe5 gxf2+ 40. Kxf2 1-0

[Event "SWE-ch Masters 2019"]
[Site "Eskilstuna"]
[Date "2019.07.08"]
[Round "3.8"]
[White "Adellian, Yashar"]
[Black "Zadruzny, Nicolaj"]
[Result "0-1"]
[ECO "C84"]
[WhiteElo "1995"]
[BlackElo "2280"]
[Annotator "NA"]
[PlyCount "28"]
[EventDate "2019.07.06"]
[EventType "swiss"]
[EventCountry "SWE"]
[SourceTitle "playchess.com"]
[Source "ChessBase"]
[SourceQuality "1"]
[TimeControl "40/5400+30:1800+30"]

1. e4 e5 2. Nf3 Nc6 3. Bb5 a6 4. Ba4 Nf6 5. d4 exd4 6. O-O Be7 7. Re1 b5 8. e5 Nxe5 9. Nxe5 bxa4 10. Qxd4 O-O 11. Nc3 Rb8 12. Nc6 dxc6 13. Qxd8 Bxd8 14. Nxa4 Bf5 0-1

[Event "SWE-ch Masters 2019"]
[Site "Eskilstuna"]
[Date "2019.07.08"]
[Round "3.9"]
[White "Hellstrom, Magnus"]
[Black "Olsson, William"]
[Result "1-0"]
[ECO "B76"]
[WhiteElo "2061"]
[BlackElo "2113"]
[Annotator "NA"]
[PlyCount "45"]
[EventDate "2019.07.06"]
[EventType "swiss"]
[EventCountry "SWE"]
[SourceTitle "playchess.com"]
[Source "ChessBase"]
[SourceQuality "1"]
[TimeControl "40/5400+30:1800+30"]

1. e4 c5 2. Nf3 d6 3. d4 cxd4 4. Nxd4 Nf6 5. Nc3 g6 6. Be3 Bg7 7. f3 O-O 8. Qd2 Nc6 9. g4 Be6 10. O-O-O Na5 11. h4 Bc4 12. Bh3 Ba6 13. b3 Rc8 14. g5 Nd7 15. h5 Nc6 16. hxg6 hxg6 17. Nd5 Nce5 18. Kb1 Rc5 19. Qh2 Re8 20. Ne6 fxe6 21. Bxe6+ Nf7 22. Bd4 Nf8 23. Qh8+ 1-0

[Event "SWE-ch Masters 2019"]
[Site "Eskilstuna"]
[Date "2019.07.08"]
[Round "3.10"]
[White "Cramling Bellon, Anna"]
[Black "Emmoth, Alfons"]
[Result "1/2-1/2"]
[ECO "E38"]
[WhiteElo "2030"]
[BlackElo "2075"]
[Annotator "NA"]
[PlyCount "36"]
[EventDate "2019.07.06"]
[EventType "swiss"]
[EventCountry "SWE"]
[SourceTitle "playchess.com"]
[Source "ChessBase"]
[SourceQuality "1"]
[TimeControl "40/5400+30:1800+30"]

1. d4 Nf6 2. c4 e6 3. Nc3 Bb4 4. Qc2 c5 5. dxc5 Bxc5 6. Nf3 Qb6 7. e3 Be7 8. Be2 d6 9. O-O O-O 10. e4 a6 11. h3 Nbd7 12. Be3 Qc7 13. Rac1 b6 14. Nd4 Bb7 15. f4 Rac8 16. Qb1 Qb8 17. b4 Rfe8 18. Bd3 Bf8 1/2-1/2

[Event "SWE-ch Masters 2019"]
[Site "Eskilstuna"]
[Date "2019.07.09"]
[Round "4.1"]
[White "Wahlund, Max"]
[Black "Olsson, Svante"]
[Result "1/2-1/2"]
[ECO "E84"]
[WhiteElo "2100"]
[BlackElo "2155"]
[Annotator "NA"]
[PlyCount "76"]
[EventDate "2019.07.06"]
[EventType "swiss"]
[EventCountry "SWE"]
[SourceTitle "playchess.com"]
[Source "ChessBase"]
[SourceQuality "1"]
[TimeControl "40/5400+30:1800+30"]

1. d4 Nf6 2. c4 g6 3. Nc3 Bg7 4. e4 d6 5. f3 Nc6 6. Be3 a6 7. Qd2 Rb8 8. Nge2 O-O 9. Rc1 Re8 10. Nd1 e5 11. d5 Nd4 12. Nxd4 exd4 13. Bxd4 c5 14. Be3 b5 15. Be2 Nd7 16. O-O Ne5 17. b4 cxb4 18. Qxb4 f5 19. cxb5 fxe4 20. fxe4 Bg4 21. Bxg4 Nxg4 22. Bf4 Be5 23. Bxe5 Nxe5 24. Qd4 axb5 25. Ne3 Qa5 26. Rc2 Rf8 27. Rfc1 Rf7 28. Rc8+ Rxc8 29. Rxc8+ Kg7 30. h3 Qe1+ 31. Kh2 h5 32. Qc3 Qf2 33. Kh1 b4 34. Qd4 Kh7 35. Qb6 h4 36. Qd8 Qe1+ 37. Kh2 Qg3+ 38. Kh1 Qe1+ 1/2-1/2

[Event "SWE-ch Masters 2019"]
[Site "Eskilstuna"]
[Date "2019.07.09"]
[Round "4.2"]
[White "Landgren, Andreas"]
[Black "Olsson, Simon"]
[Result "1-0"]
[ECO "E33"]
[WhiteElo "2246"]
[BlackElo "2176"]
[Annotator "NA"]
[PlyCount "55"]
[EventDate "2019.07.06"]
[EventType "swiss"]
[EventCountry "SWE"]
[SourceTitle "playchess.com"]
[Source "ChessBase"]
[SourceQuality "1"]
[TimeControl "40/5400+30:1800+30"]

1. d4 Nf6 2. c4 Nc6 3. Nf3 e6 4. Nc3 Bb4 5. Qc2 d6 6. Bd2 O-O 7. a3 Bxc3 8. Bxc3 Qe7 9. e4 e5 10. d5 Nb8 11. Be2 Ne8 12. O-O f5 13. c5 fxe4 14. Qxe4 Bf5 15. cxd6 cxd6 16. Qe3 Nd7 17. Nd4 Nc7 18. Nxf5 Rxf5 19. f4 Qf7 20. fxe5 Nxd5 21. Rxf5 Qxf5 22. Bc4 N7b6 23. Qd4 Qxe5 24. Qg4 Qe3+ 25. Kh1 Qe7 26. Rd1 Qf7 27. Rxd5 Nxd5 28. Bxd5 1-0

[Event "SWE-ch Masters 2019"]
[Site "Eskilstuna"]
[Date "2019.07.09"]
[Round "4.4"]
[White "Nikolic, Vladan"]
[Black "Tiger-Norqvist, Axel"]
[Result "1-0"]
[ECO "E71"]
[WhiteElo "2153"]
[BlackElo "2222"]
[Annotator "NA"]
[PlyCount "165"]
[EventDate "2019.07.06"]
[EventType "swiss"]
[EventCountry "SWE"]
[SourceTitle "playchess.com"]
[Source "ChessBase"]
[SourceQuality "1"]
[TimeControl "40/5400+30:1800+30"]

1. d4 Nf6 2. c4 g6 3. Nc3 Bg7 4. e4 O-O 5. h3 d6 6. Bg5 a6 7. Qd2 c5 8. d5 Qa5 9. a4 e6 10. Bd3 exd5 11. exd5 Nbd7 12. Nf3 Re8+ 13. Be3 b5 14. cxb5 c4 15. Bxc4 Nb6 16. Bb3 axb5 17. O-O b4 18. Nb5 Ne4 19. Qc1 Bd7 20. Bxb6 Qxb6 21. Qc7 Qxc7 22. Nxc7 Bxb2 23. Rab1 Ba3 24. Rbe1 Nc5 25. Rxe8+ Rxe8 26. Nxe8 Bxe8 27. a5 Bb5 28. Rb1 Bd3 29. Rd1 Nxb3 30. Rxd3 Nxa5 31. Nd4 Nc4 32. Nc2 Kf8 33. Rd4 Nb6 34. Nxb4 Bxb4 35. Rxb4 Nxd5 36. Rd4 Nc7 37. Rxd6 Ke7 38. Rb6 Ne6 39. g3 h5 40. Rb4 Kf6 41. Kg2 Kf5 42. Ra4 Kf6 43. h4 Ng7 44. Kf3 Ne6 45. Ra5 Nd4+ 46. Ke4 Ne6 47. Ra6 Ke7 48. Rb6 Nc5+ 49. Kd4 Nd7 50. Ra6 Nf6 51. f3 Nd7 52. g4 hxg4 53. fxg4 Nf6 54. g5 Nh5 55. Ke5 Kf8 56. Ra3 Ke7 57. Rf3 Ng7 58. Rb3 Nh5 59. Ra3 Ng7 60. Ra8 Nh5 61. Ra7+ Kf8 62. Kd6 Ng3 63. Ra8+ Kg7 64. Ra4 Nf5+ 65. Ke5 Ng3 66. Rf4 Kf8 67. Rf3 Nh5 68. Kd6 Ke8 69. Kc7 Ng7 70. Re3+ Kf8 71. Kd7 Nf5 72. Re4 Kg7 73. Ra4 Kf8 74. Re4 Kg7 75. Rf4 f6 76. Ke6 fxg5 77. hxg5 Kh7 78. Rxf5 gxf5 79. Kf7 f4 80. g6+ Kh6 81. g7 f3 82. g8=Q f2 83. Qg6# 1-0

[Event "SWE-ch Masters 2019"]
[Site "Eskilstuna"]
[Date "2019.07.09"]
[Round "4.5"]
[White "Eriksson, Jorgen"]
[Black "Crevatin, Leo"]
[Result "1/2-1/2"]
[ECO "D00"]
[WhiteElo "2211"]
[BlackElo "2146"]
[Annotator "NA"]
[PlyCount "48"]
[EventDate "2019.07.06"]
[EventType "swiss"]
[EventCountry "SWE"]
[SourceTitle "playchess.com"]
[Source "ChessBase"]
[SourceQuality "1"]
[TimeControl "40/5400+30:1800+30"]

1. d4 d5 2. Bf4 c5 3. e3 Nc6 4. c3 Nf6 5. Bd3 Bg4 6. f3 Bh5 7. Ne2 e6 8. O-O Be7 9. a3 a5 10. a4 O-O 11. Na3 Qb6 12. Nb5 Rac8 13. Kh1 Rfd8 14. Bg3 Bg6 15. Nf4 Na7 16. Nxa7 Qxa7 17. Nxg6 hxg6 18. Qe2 Bd6 19. Bxd6 Rxd6 20. dxc5 Qxc5 21. Bb5 e5 22. Rad1 Rcd8 23. Rd2 b6 24. Rfd1 Qc7 1/2-1/2

[Event "SWE-ch Masters 2019"]
[Site "Eskilstuna"]
[Date "2019.07.09"]
[Round "4.6"]
[White "Zadruzny, Nicolaj"]
[Black "Hellstrom, Magnus"]
[Result "1-0"]
[ECO "B45"]
[WhiteElo "2280"]
[BlackElo "2061"]
[Annotator "NA"]
[PlyCount "51"]
[EventDate "2019.07.06"]
[EventType "swiss"]
[EventCountry "SWE"]
[SourceTitle "playchess.com"]
[Source "ChessBase"]
[SourceQuality "1"]
[TimeControl "40/5400+30:1800+30"]

1. e4 c5 2. Nf3 Nc6 3. Nc3 e6 4. d4 cxd4 5. Nxd4 Nf6 6. Nxc6 bxc6 7. e5 Nd5 8. Ne4 Qc7 9. f4 f5 10. exf6 gxf6 11. Bd3 Be7 12. O-O h5 13. c4 Qb6+ 14. Kh1 Nb4 15. Be2 c5 16. Bxh5+ Kd8 17. Bf3 Rb8 18. Be3 Nc6 19. Qd3 Ba6 20. Rfd1 d5 21. Nc3 Kc8 22. Bxd5 exd5 23. Nxd5 Qd8 24. Qf5+ Kb7 25. Nxe7 Nxe7 26. Qe4+ 1-0

[Event "SWE-ch Masters 2019"]
[Site "Eskilstuna"]
[Date "2019.07.09"]
[Round "4.7"]
[White "Lind, Jan-Olov"]
[Black "Cramling Bellon, Anna"]
[Result "1-0"]
[ECO "A04"]
[WhiteElo "2155"]
[BlackElo "2030"]
[Annotator "NA"]
[PlyCount "107"]
[EventDate "2019.07.06"]
[EventType "swiss"]
[EventCountry "SWE"]
[SourceTitle "playchess.com"]
[Source "ChessBase"]
[SourceQuality "1"]
[TimeControl "40/5400+30:1800+30"]

1. e4 c5 2. Nf3 Nc6 3. d3 g6 4. g3 Bg7 5. Bg2 e5 6. O-O Nge7 7. c3 O-O 8. a3 d6 9. b4 a6 10. Ra2 Be6 11. Rb2 b5 12. Be3 cxb4 13. axb4 h6 14. d4 exd4 15. Nxd4 Bc4 16. Re1 a5 17. Qd2 axb4 18. cxb4 Nxd4 19. Bxd4 Bxd4 20. Qxd4 Nc6 21. Qc3 Ne5 22. Rd2 Qb6 23. Red1 Rfd8 24. h3 Rac8 25. Qb2 Be6 26. Rd4 Nc4 27. Qe2 Rd7 28. Kh2 Ra7 29. Nc3 Ra3 30. Nd5 Bxd5 31. exd5 Rb3 32. Rh4 Kg7 33. Qe1 Ne5 34. Qd2 g5 35. Rd4 Rbc3 36. Qe2 Rc2 37. R4d2 R2c4 38. f4 gxf4 39. gxf4 Rxf4 40. Be4 Rf6 41. Rg1+ Kf8 42. Qe1 Rc4 43. Kh1 Rxb4 44. Rdg2 Qd4 45. Rg8+ Ke7 46. Bg2 Rf4 47. Qg3 Nd3 48. Rb8 Nf2+ 49. Kh2 Rf5 50. Rb7+ Kf6 51. Qxd6+ Kg7 52. Be4+ Rg5 53. Rxg5+ hxg5 54. Qg6+ 1-0

[Event "SWE-ch Masters 2019"]
[Site "Eskilstuna"]
[Date "2019.07.09"]
[Round "4.8"]
[White "Emmoth, Alfons"]
[Black "Adellian, Yashar"]
[Result "1/2-1/2"]
[ECO "A88"]
[WhiteElo "2075"]
[BlackElo "1995"]
[Annotator "NA"]
[PlyCount "60"]
[EventDate "2019.07.06"]
[EventType "swiss"]
[EventCountry "SWE"]
[SourceTitle "playchess.com"]
[Source "ChessBase"]
[SourceQuality "1"]
[TimeControl "40/5400+30:1800+30"]

1. d4 e6 2. c4 f5 3. g3 Nf6 4. Bg2 g6 5. Nf3 Bg7 6. O-O d6 7. Nc3 O-O 8. Qc2 Nc6 9. d5 Nb4 10. Qb3 Na6 11. dxe6 Nc5 12. Qc2 c6 13. b3 Bxe6 14. Ng5 Qe7 15. Nxe6 Qxe6 16. Bb2 Rad8 17. Rfd1 Nh5 18. e3 Nf6 19. Ne2 Qe7 20. Rac1 Nce4 21. h3 d5 22. Nc3 Nxc3 23. Bxc3 dxc4 24. Bxf6 Rxf6 25. Qxc4+ Kh8 26. Bf3 Rfd6 27. Qc2 Qe5 28. Rxd6 Rxd6 29. Rd1 Rxd1+ 30. Qxd1 Qa1 1/2-1/2

[Event "SWE-ch Masters 2019"]
[Site "Eskilstuna"]
[Date "2019.07.09"]
[Round "4.9"]
[White "Bannoura, Jeries"]
[Black "Sivhed, Johan"]
[Result "0-1"]
[ECO "A00"]
[WhiteElo "1976"]
[BlackElo "2023"]
[Annotator "NA"]
[PlyCount "73"]
[EventDate "2019.07.06"]
[EventType "swiss"]
[EventCountry "SWE"]
[SourceTitle "playchess.com"]
[Source "ChessBase"]
[SourceQuality "1"]
[TimeControl "40/5400+30:1800+30"]

1. d3 e5 2. g3 d5 3. Bg2 Nf6 4. Nc3 d4 5. Nb1 Nc6 6. c3 a5 7. Nf3 Bc5 8. O-O O-O 9. a4 Re8 10. Na3 h6 11. Nb5 Bf5 12. cxd4 exd4 13. Bf4 Nd5 14. Rc1 Bb6 15. Bd2 Qd7 16. Rc4 Nf6 17. Re1 Be6 18. Rc1 Bd5 19. e3 dxe3 20. Bxe3 Rad8 21. d4 Re7 22. Ne5 Nxe5 23. Bxd5 Nxd5 24. dxe5 Nxe3 25. Qxd7 Rdxd7 26. fxe3 Rxe5 27. Rc2 Rxe3 28. Rxe3 Bxe3+ 29. Kg2 c6 30. Na3 Rd2+ 31. Rxd2 Bxd2 32. Nc4 Bb4 33. Kf3 b5 34. Nb6 Bc5 35. Nd7 Bg1 36. h3 bxa4 37. Nc5 0-1

[Event "SWE-ch Masters 2019"]
[Site "Eskilstuna"]
[Date "2019.07.09"]
[Round "4.10"]
[White "Gromark, Per-Olof"]
[Black "Carlsson, Andreas"]
[Result "1/2-1/2"]
[ECO "B38"]
[WhiteElo "1909"]
[BlackElo "2019"]
[Annotator "NA"]
[PlyCount "62"]
[EventDate "2019.07.06"]
[EventType "swiss"]
[EventCountry "SWE"]
[SourceTitle "playchess.com"]
[Source "ChessBase"]
[SourceQuality "1"]
[TimeControl "40/5400+30:1800+30"]

1. c4 c5 2. Nf3 Nc6 3. d4 cxd4 4. Nxd4 g6 5. e4 Bg7 6. Be3 Nf6 7. Nc3 O-O 8. Be2 d6 9. O-O Bd7 10. Qd2 Qa5 11. f3 Rfc8 12. Rfc1 Nxd4 13. Bxd4 Bc6 14. Rab1 Nd7 15. Be3 Qd8 16. b4 b6 17. Nd5 Rab8 18. Bg5 Bxd5 19. cxd5 Bf6 20. Bxf6 Nxf6 21. Ba6 Rxc1+ 22. Rxc1 Ne8 23. Rc6 Kg7 24. Qc3+ f6 25. Qc1 Qd7 26. a4 Qd8 27. Bb5 Rb7 28. Rc3 Rc7 29. Bxe8 Rxc3 30. Qxc3 Qxe8 31. b5 Qb8 1/2-1/2

[Event "SWE-ch Masters 2019"]
[Site "Eskilstuna"]
[Date "2019.07.10"]
[Round "5.1"]
[White "Landgren, Andreas"]
[Black "Wahlund, Max"]
[Result "1-0"]
[ECO "D32"]
[WhiteElo "2246"]
[BlackElo "2100"]
[Annotator "NA"]
[PlyCount "53"]
[EventDate "2019.07.06"]
[EventType "swiss"]
[EventCountry "SWE"]
[SourceTitle "playchess.com"]
[Source "ChessBase"]
[SourceQuality "1"]
[TimeControl "40/5400+30:1800+30"]

1. d4 d5 2. c4 e6 3. Nc3 c5 4. cxd5 cxd4 5. Qa4+ Bd7 6. Qxd4 exd5 7. Qxd5 Nc6 8. Nf3 Nf6 9. Qd1 Bc5 10. e3 Qe7 11. a3 O-O-O 12. Qc2 Kb8 13. Be2 g5 14. b4 g4 15. Nd2 Bb6 16. Bb2 Rc8 17. Nc4 Nd4 18. Qd1 Nxe2 19. Qxe2 Bc7 20. O-O Be6 21. Nd2 Rhd8 22. Rfd1 Be5 23. Rac1 Rc6 24. Na4 Bxh2+ 25. Kxh2 Rxc1 26. Rxc1 Qd6+ 27. Kg1 1-0

[Event "SWE-ch Masters 2019"]
[Site "Eskilstuna"]
[Date "2019.07.10"]
[Round "5.2"]
[White "Olsson, Svante"]
[Black "Nikolic, Vladan"]
[Result "1/2-1/2"]
[ECO "A18"]
[WhiteElo "2155"]
[BlackElo "2153"]
[Annotator "NA"]
[PlyCount "81"]
[EventDate "2019.07.06"]
[EventType "swiss"]
[EventCountry "SWE"]
[SourceTitle "playchess.com"]
[Source "ChessBase"]
[SourceQuality "1"]
[TimeControl "40/5400+30:1800+30"]

1. c4 Nf6 2. Nc3 e6 3. e4 d5 4. e5 d4 5. exf6 dxc3 6. bxc3 Qxf6 7. d4 b6 8. Nf3 Bb7 9. Be2 Bd6 10. O-O O-O 11. a4 a5 12. Rb1 Be4 13. Rb5 h6 14. Be3 Bc6 15. Rh5 Bf4 16. Qd2 Bxe3 17. fxe3 Qe7 18. Ne5 Bxa4 19. e4 Be8 20. Rh3 Qg5 21. Rf4 Nc6 22. Rg3 Qe7 23. Rfg4 f5 24. Ng6 Bxg6 25. Rxg6 f4 26. R3g4 a4 27. c5 Rf6 28. Rxg7+ Qxg7 29. Rxg7+ Kxg7 30. e5 Rff8 31. Bf3 a3 32. Qa2 Ne7 33. cxb6 cxb6 34. Bxa8 Rxa8 35. Qxe6 a2 36. Qxe7+ Kg8 37. Qe6+ Kg7 38. Qf6+ Kh7 39. Qf7+ Kh8 40. Qf6+ Kh7 41. Qf7+ 1/2-1/2

[Event "SWE-ch Masters 2019"]
[Site "Eskilstuna"]
[Date "2019.07.10"]
[Round "5.3"]
[White "Jogstad, Daniel"]
[Black "Zadruzny, Nicolaj"]
[Result "1/2-1/2"]
[ECO "D37"]
[WhiteElo "2154"]
[BlackElo "2280"]
[Annotator "NA"]
[PlyCount "57"]
[EventDate "2019.07.06"]
[EventType "swiss"]
[EventCountry "SWE"]
[SourceTitle "playchess.com"]
[Source "ChessBase"]
[SourceQuality "1"]
[TimeControl "40/5400+30:1800+30"]

1. d4 Nf6 2. Nf3 d5 3. c4 e6 4. Nc3 Be7 5. e3 O-O 6. Bd3 c5 7. O-O dxc4 8. Bxc4 Nbd7 9. dxc5 Nxc5 10. Qe2 a6 11. Rd1 Qc7 12. a4 Bd7 13. b3 Nxb3 14. Bxb3 Qxc3 15. Qa2 Qa5 16. Bb2 Bc6 17. Ne5 Bd5 18. Nc4 Qc7 19. Rac1 Bc5 20. Bxf6 gxf6 21. Nd2 Bxb3 22. Qxb3 f5 23. Qc3 b6 24. Nb3 Rfd8 25. Nxc5 Qxc5 26. Qf6 Qf8 27. Qg5+ Kh8 28. Qf6+ Kg8 29. Qg5+ 1/2-1/2

[Event "SWE-ch Masters 2019"]
[Site "Eskilstuna"]
[Date "2019.07.10"]
[Round "5.4"]
[White "Eriksson, Jorgen"]
[Black "Engstrom, Kaj"]
[Result "1-0"]
[ECO "A09"]
[WhiteElo "2211"]
[BlackElo "2234"]
[Annotator "NA"]
[PlyCount "77"]
[EventDate "2019.07.06"]
[EventType "swiss"]
[EventCountry "SWE"]
[SourceTitle "playchess.com"]
[Source "ChessBase"]
[SourceQuality "1"]
[TimeControl "40/5400+30:1800+30"]

1. Nf3 d5 2. c4 d4 3. b4 c5 4. g3 f6 5. Bg2 e5 6. d3 cxb4 7. O-O Ne7 8. a3 Nec6 9. e3 Na6 10. Bb2 Bc5 11. axb4 Naxb4 12. exd4 exd4 13. Na3 O-O 14. Nc2 Bf5 15. Nxb4 Nxb4 16. Ba3 Bg4 17. h3 Bh5 18. Qb3 a5 19. Rfe1 Qd7 20. Nd2 Rfe8 21. Ne4 Bf8 22. g4 Bf7 23. Qd1 Ra6 24. Qd2 h5 25. gxh5 Bxh5 26. c5 Re5 27. Bxb4 axb4 28. Rxa6 bxa6 29. Qxb4 Qa7 30. Rc1 Bf7 31. Qxd4 Be7 32. Nd6 Be6 33. Kh2 Qc7 34. Kg1 Rg5 35. Kh1 Qd7 36. Qe3 Bxd6 37. cxd6 Qxd6 38. Rc6 Qxc6 39. Bxc6 1-0

[Event "SWE-ch Masters 2019"]
[Site "Eskilstuna"]
[Date "2019.07.10"]
[Round "5.5"]
[White "Crevatin, Leo"]
[Black "Lind, Jan-Olov"]
[Result "1-0"]
[ECO "E84"]
[WhiteElo "2146"]
[BlackElo "2155"]
[Annotator "NA"]
[PlyCount "62"]
[EventDate "2019.07.06"]
[EventType "swiss"]
[EventCountry "SWE"]
[SourceTitle "playchess.com"]
[Source "ChessBase"]
[SourceQuality "1"]
[TimeControl "40/5400+30:1800+30"]

1. d4 g6 2. c4 Bg7 3. Nc3 Nf6 4. e4 d6 5. f3 O-O 6. Nge2 Nc6 7. Be3 a6 8. Qd2 Rb8 9. Rc1 e5 10. d5 Ne7 11. g3 c5 12. Bg2 b5 13. cxb5 axb5 14. O-O b4 15. Nd1 Nd7 16. Nf2 Ba6 17. f4 exf4 18. gxf4 f5 19. Rfe1 fxe4 20. Nxe4 Nf5 21. Bf2 h6 22. N2g3 Nb6 23. Nxf5 gxf5 24. Nxd6 Qxd6 25. Bxc5 Qd8 26. Bxf8 Bxf8 27. Qc2 Qf6 28. Kh1 Bc8 29. Qe2 Bd6 30. Qe8+ Bf8 31. Rc6 Qf7 1-0

[Event "SWE-ch Masters 2019"]
[Site "Eskilstuna"]
[Date "2019.07.10"]
[Round "5.6"]
[White "Tiger-Norqvist, Axel"]
[Black "Olsson, Simon"]
[Result "1/2-1/2"]
[ECO "B12"]
[WhiteElo "2222"]
[BlackElo "2176"]
[Annotator "NA"]
[PlyCount "67"]
[EventDate "2019.07.06"]
[EventType "swiss"]
[EventCountry "SWE"]
[SourceTitle "playchess.com"]
[Source "ChessBase"]
[SourceQuality "1"]
[TimeControl "40/5400+30:1800+30"]

1. e4 c6 2. d4 d5 3. e5 Bf5 4. Nf3 e6 5. Be2 Nd7 6. O-O h5 7. b3 Be7 8. c4 g5 9. Ne1 g4 10. Nc3 Nh6 11. c5 Bg6 12. Bxh6 Rxh6 13. f4 f6 14. Bd3 fxe5 15. Bxg6+ Rxg6 16. fxe5 Bg5 17. Ne2 Qe7 18. b4 O-O-O 19. b5 Nb8 20. Nc2 Rg7 21. a4 Rf8 22. Qd3 h4 23. Nc3 Bh6 24. a5 g3 25. Rxf8+ Qxf8 26. Rf1 gxh2+ 27. Kxh2 Qg8 28. Qe2 Rg3 29. Rf6 Rxc3 30. Rxh6 Rxc2 31. Qxc2 Qg3+ 32. Kh1 Qe1+ 33. Kh2 Qg3+ 34. Kh1 1/2-1/2

[Event "SWE-ch Masters 2019"]
[Site "Eskilstuna"]
[Date "2019.07.10"]
[Round "5.7"]
[White "Olsson, William"]
[Black "Sivhed, Johan"]
[Result "1-0"]
[ECO "D37"]
[WhiteElo "2113"]
[BlackElo "2023"]
[Annotator "NA"]
[PlyCount "91"]
[EventDate "2019.07.06"]
[EventType "swiss"]
[EventCountry "SWE"]
[SourceTitle "playchess.com"]
[Source "ChessBase"]
[SourceQuality "1"]
[TimeControl "40/5400+30:1800+30"]

1. Nf3 Nf6 2. c4 e6 3. Nc3 d5 4. d4 Be7 5. Bf4 O-O 6. e3 Nbd7 7. Rc1 c5 8. cxd5 Nxd5 9. Nxd5 exd5 10. Qd2 c4 11. Be2 Nf6 12. O-O Ne4 13. Qe1 Qb6 14. b3 Ba3 15. Rb1 c3 16. Bd3 Bd7 17. Bxe4 dxe4 18. Ne5 Bb5 19. Nc4 Bxc4 20. bxc4 Bb2 21. Qd1 Rac8 22. c5 Qa6 23. Qb3 b6 24. Bd6 Rfd8 25. Rxb2 cxb2 26. Qxb2 bxc5 27. dxc5 Rxd6 28. cxd6 Qxd6 29. Qb7 Qc6 30. Qxa7 Ra8 31. Qd4 h6 32. Qb2 Qa4 33. Ra1 Kh7 34. h3 Kg8 35. Qb7 Rd8 36. Qb3 Qa6 37. a4 Qf6 38. Rf1 Rd2 39. Qb4 Ra2 40. Qxe4 g6 41. f4 Qa6 42. Rd1 Qc8 43. Qe7 Qf5 44. Rd8+ Kg7 45. Qf8+ Kf6 46. Rd6+ 1-0